 Dungeon Crawl Stone Soup version 0.27-a0-819-g058290f16d (webtiles) character file.

Game seed: 12643587954915667995

56 robertstho the Magician (level 3, -1/26 HPs)
             Began as a Djinni Fire Elementalist on Mar 29, 2021.
             Slain by Terence
             ... wielding a +0 hand axe
              (9 damage)
             ... on level 2 of the Dungeon.
             The game lasted 00:02:27 (2203 turns).

robertstho the Magician (Djinni Fire Elementalist)  Turns: 2203, Time: 00:02:28

Health: -1/26      AC:  3    Str:  7    XL:     3   Next: 95%
Gold:   31         EV: 12    Int: 17    God:
                   SH:  0    Dex: 13

rFire    + + .     SeeInvis .   c - +2 short sword (elec)
rCold    x . .     Faith    .   (no shield)
rNeg     . . .     Spirit   .   a - +0 robe
rPois    ∞         Reflect  .   g - +0 helmet
rElec    .         Harm     .   (no cloak)
rCorr    .         Rampage  .   (no gloves)
Will     .....                  (boots unavailable)
Stlth    ++........             (no amulet)
HPRegen  0.08/turn              (no ring)
MPRegen  0.00/turn              (no ring)

@: flying
A: fire resistance 2, cold vulnerability 1, float, innate caster, hp casting,
extra vitality 1
a: no special abilities


You were on level 2 of the Dungeon.
You visited 1 branch of the dungeon, and saw 2 of its levels.

You collected 31 gold pieces.

Inventory:

Hand Weapons
 c - a +2 short sword of electrocution (weapon)
Armour
 a - a +0 robe (worn)
 g - a +0 helmet (worn)
Magical Staves
 b - a staff of conjuration
Scrolls
 f - a scroll of identify
 i - a scroll of amnesia {unknown}
 j - 3 scrolls of silence
 l - a scroll of fear {unknown}
Potions
 h - a potion of might {unknown}
 k - a potion of degeneration {unknown}


   Skills:
 * Level 0.4 Fighting
 + Level 2.8 Dodging
 + Level 1.6 Stealth
 * Level 3.7 Spellcasting


You couldn't memorise any spells.
You knew the following spells:

 Your Spells              Type           Power      Damage    Failure   Level
a - Foxfire               Conj/Fire      60%        2x1d7     3%          1
b - Conjure Flame         Conj/Fire      15%        6-21      11%         3
c - Inner Flame           Hex/Fire       15%        N/A       11%         3
d - Sticky Flame          Conj/Fire      15%        2d4       34%         4
e - Fireball              Conj/Fire      7%         3d5       67%         5
f - Freeze                Ice            60%        1d8       3%          1
Your spell library was empty.

Dungeon Overview and Level Annotations

Branches:
Dungeon (2/15)

Altars:
Xom

Annotations:
D:2 Terence


Innate Abilities, Weirdness & Mutations

You are immune to poison.
Your flesh is very heat resistant. (rF++)
You are vulnerable to cold. (rC-)
You float through the air rather than walking.
You learn spells naturally, not from books.
Your magical power is your life essence.
You have superior vitality. (+4 HP)


Message History

Confirm with . or Enter, or press ? or * to list all spells.
You conjure some foxfire!
The foxfire hits Terence but does no damage.
Your foxfire dissipates!
The foxfire hits Terence but does no damage.
The foxfire hits Terence.
Terence is lightly wounded.
Casting: Foxfire (safe; 3% risk of failure)
Confirm with . or Enter, or press ? or * to list all spells.
You conjure some foxfire!
The foxfire hits Terence.
Terence is moderately wounded.
The foxfire hits Terence but does no damage.
Terence is moderately wounded.
Casting: Foxfire (safe; 3% risk of failure)
Confirm with . or Enter, or press ? or * to list all spells.
You conjure some foxfire!
The foxfire hits Terence.
Terence is moderately wounded.
Terence barely misses you. Terence closely misses you.
Terence hits you with a +0 hand axe.
You closely miss Terence.
Terence is moderately wounded.
Terence hits you with a +0 hand axe.
You closely miss Terence.
Terence is moderately wounded.
Terence hits you with a +0 hand axe!
Okay, then.
As you read the scroll labelled IDEELI HETU, it crumbles to dust.
It is a scroll of identify.
j - 3 scrolls of silence Terence barely misses you.
As you read the scroll labelled LYGHENYCEG, it crumbles to dust.
You feel aware of your surroundings.
You sensed 1 altar.
It was a scroll of magic mapping.
Terence hits you but does no damage.
Okay, then.
It was a potion of cancellation.
You feel magically purged. Terence hits you with a +0 hand axe!
You die...

*,**,**
**,,,,,,,,***,*,***
**,**** **,,,,,*,***,*,*
,,,,,,* **,,,**,,,...,*
,*,**,* *#+#*****#†#**
,*,**,* #.# #.#
,*,**,****#####.# #.#
,,,,,,,,,,......## #.#
,*,**,,*****##...## #.#
,*,**,,* #...@@#####.#
,,,,,,,*######...#......#
**,,,,,,.....#..##.######
****,,*.....#..##.#
*****,,*...........#
,,,,,,,*.....#..####
******,,........#
###############.#
.......# #.#


You could see Terence.

Vanquished Creatures
  An adder (D:2)
  A dart slug (D:2)
  4 bats (D:1)
  An endoplasm (D:1)
  4 giant cockroaches
  3 goblins (D:1)
  3 hobgoblins
  9 jackals
  A kobold (D:1)
  A quokka (D:2)
  6 ball pythons
  4 frilled lizards
  3 rats (D:1)
41 creatures vanquished.

Vanquished Creatures (others)
  97 foxfires
97 creatures vanquished.

Grand Total: 138 creatures vanquished

Notes
Turn   | Place    | Note
-------+----------+-------------------------------------------
     0 | D:1      | robertstho the Djinni Fire Elementalist began the quest for
                  | the Orb.
     0 | D:1      | Reached XP level 1. HP: 15/15 MP: 0/0
    53 | D:1      | Reached skill level 3 in Spellcasting
    53 | D:1      | Reached XP level 2. HP: 2/21 MP: 0/0
   791 | D:1      | Reached XP level 3. HP: 20/26 MP: 0/0
   791 | D:1      | Learned a level 1 spell: Freeze
  1246 | D:1      | Found a shimmering altar of Xom.
  2183 | D:2      | Noticed Terence
  2203 | D:2      | Slain by Terence

Illustrated notes

Levels and vault maps discovered:
D:1:      dpeg_arrival_water_altar, layout_rooms, minmay_surrounded
D:2:      layout_loops_corners, yredelemnul_forgotten_temple_becter,
          uniq_terence

Skill      XL: |  1 |
---------------+----+-----
Spellcasting   | 3 |  3.7
Fighting       | |  0.4
Dodging        | |  2.8
Stealth        | |  1.6

Action                   || total
-------------------------++-------
Melee: Short sword       ||    14
 Cast: Foxfire           ||    60
  Use: Scroll            ||     2
       Potion            ||     1
Armor: Robe              ||    15
Dodge: Dodged            ||    33

Table legend: (Time is in decaauts)
 A = Elapsed time spent in this place.
 B = Non-inter-level travel time spent in this place.
 C = Inter-level travel time spent in this place.
 D = Time resting spent in this place.
 E = Time spent auto-exploring this place.
 F = Levels seen in this place.
 G = Mean time per level.
                   A        B        C        D        E       F      G
               +--------+--------+--------+--------+--------+-----+--------+
         Total |   2203 |   2180 |     23 |    265 |   1669 |   2 | 1101.5 |
       Dungeon |   2203 |   2180 |     23 |    265 |   1669 |   2 | 1101.5 |
               +--------+--------+--------+--------+--------+-----+--------+

Top non-repeatable levels by time:
     D:1: 1320 daAuts
     D:2: 882 daAuts
